 Dungeon Crawl Stone Soup version 0.20.1-1-g8b1a95d (console) character file.

1275 vuolankoinen the Cutter (level 8, -3/54 (55) HPs)
             Began as an Octopode Enchanter on Nov 24, 2017.
             Was a Believer of Fedhas.
             Slain by an ice beast (8 damage)
             ... on level 7 of the Dungeon.
             The game lasted 00:39:26 (6395 turns).

vuolankoinen the Cutter (Octopode Enchanter)        Turns: 6395, Time: 00:39:27

HP:   -3/54 (55)    AC:  2    Str: 13    XL:     8   Next: 53%
MP:   2/11          EV: 13    Int: 17    God:    Fedhas [**....]
Gold: 411           SH:  0    Dex: 14    Spells: 5/11 levels left

rFire    . . .     SeeInvis +   a - +2 dagger
rCold    . . .     Gourm    .   (no shield)
rNeg     . . .     Faith    .   y - +1 hat
rPois    .         Spirit   .   (no amulet)
rElec    .         Reflect  .   m - ring of resist corrosion
rCorr    +         Harm     .   u - ring of stealth
MR       .....                  w - ring of see invisible
Stlth    +++++.....             (no ring)
Regen    0.2/turn               (no ring)
MPRegen  0.2/turn               (no ring)
                                (no ring)
                                (no ring)

@: mighty
A: almost no armour, stealthy swim, amphibious, 8 rings, constrict 8, camouflage
1, gelatinous body 1
a: Fungal Bloom, Evolution, Sunlight, Renounce Religion


You were on level 7 of the Dungeon.
You worshipped Fedhas.
Fedhas was pleased with you.
You were near starving.

You visited 2 branches of the dungeon, and saw 8 of its levels.
You also visited: Sewer.

You collected 411 gold pieces.

Inventory:

Hand Weapons
 a - a +2 dagger (weapon)
 p - a +0 dagger of draining
Armour
 h - a +0 shield
 y - a +1 hat (worn)
Jewellery
 m - a ring of resist corrosion (left tentacle)
 u - a ring of stealth (right tentacle)
 w - a ring of see invisible (on tentacle)
Scrolls
 d - 4 scrolls of remove curse
 g - a scroll of fog {unknown}
 j - 2 scrolls of teleportation
 k - 2 scrolls of enchant weapon
 o - a scroll of random uselessness {unknown}
 r - 3 scrolls of fear {unknown}
 t - 5 scrolls of identify
 v - 3 scrolls of amnesia {unknown}
 x - a scroll of blinking {unknown}
Potions
 e - 2 potions of flight {unknown}
 i - 2 potions of magic {unknown}
 l - 3 potions of curing
 n - 2 potions of might
 q - 3 potions of degeneration {unknown}
 s - 3 potions of heal wounds
 z - 2 potions of brilliance {unknown}
 A - 2 potions of mutation {unknown}
Books
 b - a book of Maledictions

   Spells                             Type                      Level
   a - Corona                         Hexes                        1
   b - Ensorcelled Hibernation        Hexes/Ice                    2
   c - Confuse                        Hexes                        3
   d - Tukima's Dance                 Hexes                        3
   e - Dazzling Spray                 Conjuration/Hexes            3
Comestibles
 c - 6 bread rations
 f - 6 royal jellies
 B - a meat ration


   Skills:
 + Level 5.2 Fighting
 + Level 6.7 Short Blades
 - Level 2.1 Dodging
 - Level 4.5 Stealth
 * Level 4.3 Shields
 - Level 2.0 Spellcasting
 - Level 3.1 Hexes
 - Level 1.0 Ice Magic


You had 5 spell levels left.
You knew the following spells:

 Your Spells              Type           Power        Failure   Level  Hunger
a - Corona                Hex            ##.....      5%          1    #......
b - Ensorcelled Hibernat  Hex/Ice        #.....       13%         2    ###....
c - Confuse               Hex            ##......     16%         3    ###....


Dungeon Overview and Level Annotations

Branches:
Dungeon (7/15)             Temple (1/1) D:4

Altars:
Fedhas
Hepliaklqana
Kikubaaqudgha
Okawaru
Trog
Uskayaw
The Shining One

Shops:
D:4 [

Annotations:
D:4 dscm's ghost, amateur DsGl
Temple phantom


Innate Abilities, Weirdness & Mutations

You cannot wear most types of armour.
You are very stealthy in the water. (Stealth+)
You are amphibious.
You can wear up to eight rings at the same time.
You can use your tentacles to constrict eight enemies at once.
Your skin changes colour to match your surroundings (Stealth+).
Your rubbery body absorbs attacks. (AC +1, EV +1)


Message History

There is a stone staircase leading up here.
You feel very mighty all of a sudden.
You puncture the ice beast!
The ice beast is heavily wounded.
You barely miss the ice beast.
The ice beast is heavily wounded.
The ice beast hits you. The ice beast freezes you!
You barely miss the ice beast.
The ice beast is heavily wounded.
The ice beast hits you. The ice beast freezes you!
* * * LOW HITPOINT WARNING * * *
You hit the ice beast.
The ice beast is severely wounded.
You closely miss the ice beast.
The ice beast is severely wounded.
The ice beast hits you.
* * * LOW HITPOINT WARNING * * *
The ice beast freezes you!
You die...
Fedhas appreciates your contribution to the ecosystem.

# #.### ##.
###....####....
............./.
.......@...#
........Y..#
#######....#
#..### ##.# ..
#. ..


You could see an ice beast.

Vanquished Creatures
  An ice beast (D:5)
  A phantom (D:5)
  A necrophage (D:5)
  4 ogres
  3 orc priests
  A bullfrog skeleton (D:6)
  2 hounds
  An iguana (D:4)
  3 orc wizards
  3 worker ants
  A howler monkey zombie (D:5)
  8 gnolls
  A howler monkey skeleton (D:5)
  7 adders
  A river rat (Sewer)
  2 shadow imps (D:5)
  4 oozes
  4 worms
  5 dart slugs
  4 leopard geckos
  12 orcs
  8 giant cockroaches
  11 goblins
  4 hobgoblins
  6 jackals
  6 kobolds
  A quokka (D:2)
  7 ball pythons
  10 bats
  11 frilled lizards
  A giant cockroach zombie (D:4)
  10 rats
144 creatures vanquished.

Vanquished Creatures (others)
  33 toadstools
33 creatures vanquished.

Grand Total: 177 creatures vanquished

Notes
Turn   | Place    | Note
-------+----------+-------------------------------------------
     0 | D:1      | vuolankoinen the Octopode Enchanter began the quest for the Orb.
     0 | D:1      | Reached XP level 1. HP: 11/11 MP: 3/3
   529 | D:2      | Reached XP level 2. HP: 18/18 MP: 5/5
   533 | D:2      | Learned a level 2 spell: Ensorcelled Hibernation
   671 | D:1      | Reached skill level 1 in Fighting
  1058 | D:3      | Found a glowing drain.
  1066 | D:3      | Reached XP level 3. HP: 22/23 MP: 4/6
  1126 | Sewer    | Entered a sewer
  1214 | Sewer    | Learned a level 3 spell: Confuse
  1287 | Sewer    | Reached skill level 2 in Short Blades
  1528 | D:3      | Reached skill level 1 in Shields
  1531 | D:3      | Reached XP level 4. HP: 7/28 MP: 4/7
  1854 | D:3      | Found a faded altar of an unknown god.
  1857 | D:3      | Became a worshipper of Fedhas Madash
  1857 | D:3      | Reached * piety under Fedhas
  2035 | D:3      | Reached XP level 5. HP: 17/34 MP: 6/8
  2561 | D:2      | You fall through a shaft!
  2886 | D:1      | Reached skill level 1 in Ice Magic
  2965 | D:1      | Reached skill level 3 in Short Blades
  3086 | D:1      | Reached ** piety under Fedhas
  3313 | D:3      | Reached XP level 6. HP: 22/41 MP: 0/9
  4160 | D:4      | Found a staircase to the Ecumenical Temple.
  4160 | D:4      | Noticed a phantom
  4199 | Temple   | Entered the Ecumenical Temple
  4258 | D:4      | Reached skill level 4 in Short Blades
  4258 | D:4      | Reached XP level 7. HP: 48/48 MP: 10/10
  4288 | D:4      | Found Serar's Armour Boutique.
  4391 | D:5      | Entered Level 5 of the Dungeon
  4521 | D:4      | Noticed dscm's ghost (amateur DsGl)
  4996 | D:5      | Reached skill level 5 in Short Blades
  5363 | D:5      | Reached XP level 8. HP: 15/53 MP: 1/11
  5854 | D:5      | Reached skill level 5 in Fighting
  5854 | D:5      | Reached skill level 6 in Short Blades
  6395 | D:7      | Slain by an ice beast

Skill      XL: |  1  2  3  4  5  6  7  8 |
---------------+-------------------------+-----
Fighting       | 1 2 4 5 |  5.2
Short Blades   | 2 3 4 5 6 |  6.7
Shields        | 1 2 3 4 |  4.3
Ice Magic      | 1 |  1.0
Dodging        | |  2.1
Stealth        | |  4.5
Spellcasting   | |  2.0
Hexes          | |  3.1

Action                   |  1- 3 |  4- 6 |  7- 9 || total
-------------------------+-------+-------+-------++-------
Melee: Dagger            |    61 |   139 |   115 ||   315
       Constrict         |    12 |    27 |    11 ||    50
       Tentacles         |     7 |    23 |    13 ||    43
 Cast: Corona            |     2 |    17 |     8 ||    27
       Ensorcelled Hiber |     3 |    28 |    16 ||    47
       Confuse           |       |     1 |    11 ||    12
Invok: Fungal Bloom      |       |     9 |     9 ||    18
  Use: Scroll            |     4 |     1 |     3 ||     8
       Potion            |       |     1 |     1 ||     2
 Stab: Sleeping          |    15 |    21 |    22 ||    58
       Confused          |       |       |     3 ||     3
       Distracted        |       |       |     2 ||     2
  Eat: Chunk             |     2 |    10 |     9 ||    21
Armor: Skin              |     2 |     9 |     2 ||    13
Dodge: Dodged            |    21 |    64 |    24 ||   109
Block: Shield            |     2 |       |       ||     2
